 Dungeon Crawl Stone Soup version 0.29.1-15-g9cfb28693d (webtiles) character file.

Game seed: 11109331576603658834

18819 bmack86 the Severer (level 12, -1/106 HPs)
             Began as a Minotaur Fighter on Apr 2, 2024.
             Was a High Priest of Okawaru.
             Slain by a centaur warrior zombie (2 damage)
             ... in a Gauntlet.
             The game lasted 00:31:31 (13781 turns).

bmack86 the Severer (Minotaur Fighter)             Turns: 13781, Time: 00:31:32

Health: -1/106     AC: 22    Str: 25    XL:     12   Next: 31%
Magic:  14/14      EV: 11    Int:  5    God:    Okawaru [*****.]
Gold:   594        SH:  6    Dex: 11    Spells: 11/11 levels left

rFire   . . .      SeeInvis .   a - +4 war axe (flame)
rCold   . . .      Faith    .   c - +0 buckler
rNeg    . . .      Spirit   .   J - +0 plate armour
rPois   +          Reflect  .   R - +1 hat of Amelioration {rPois}
rElec   .          Harm     .   m - +2 cloak
rCorr   +          Rampage  .   g - +2 pair of gloves
Will    .....      NoTele   +   j - +0 pair of boots {Stlth+}
Stlth   ..........              t - amulet of the acrobat
HPRegen 0.27/turn               p - +4 ring of evasion
MPRegen 0.14/turn               M - ring of resist corrosion

@: lethally poisoned (-1 -> -21), slowed, very slow
A: horns 2, retaliatory headbutt
a: Renounce Religion, Heroism, Finesse, Duel


You were in a Gauntlet.
You worshipped Okawaru.
Okawaru was extremely pleased with you.
You visited 3 branches of the dungeon, and saw 13 of its levels.
You also visited: Sewer, Ossuary and Gauntlet.

You collected 622 gold pieces.
You spent 28 gold pieces at shops.

Inventory:

Hand Weapons
 a - a +4 war axe of flaming (weapon)
 F - a +5 battleaxe of venom
Missiles
 l - 2 javelins
 u - 27 poisoned darts
 y - 10 boomerangs
 A - 4 silver boomerangs (quivered)
 I - 3 curare-tipped darts
 S - 2 silver javelins
 T - 4 throwing nets
Armour
 b - a +1 scale mail
 c - a +0 buckler (worn)
 d - a +0 chain mail
 g - a +2 pair of gloves (worn)
 j - a +0 pair of boots of stealth (worn)
 m - a +2 cloak (worn)
 J - a +0 plate armour (worn)
 N - a +0 pair of boots
 R - the +1 hat of Amelioration (worn) {rPois}
   (Okawaru gifted it to you on level 10 of the Dungeon)

   rPois:     It protects you from poison.
Jewellery
 p - a +4 ring of evasion (left hand)
 t - an amulet of the acrobat (around neck)
 z - a ring of poison resistance
 B - a +6 ring of intelligence
 M - a ring of resist corrosion (right hand)
 X - a ring of positive energy
Wands
 K - a wand of roots (19)
 L - a wand of quicksilver (10)
 U - a wand of flame (6)
Scrolls
 i - a scroll of brand weapon
 k - a scroll of blinking
 n - 6 scrolls of butterflies
 w - 12 scrolls of teleportation
 x - 2 scrolls of amnesia
 D - 5 scrolls of poison
 O - 2 scrolls of fear
 Q - a scroll of vulnerability
 W - a scroll of silence
Potions
 e - 14 potions of curing
 f - 5 potions of mutation
 h - 2 potions of attraction
 o - a potion of ambrosia
 q - 3 potions of haste
 r - 3 potions of brilliance
 s - a potion of resistance
 v - 2 potions of flight
 C - 3 potions of berserk rage
 E - 2 potions of might
 G - 4 potions of heal wounds
 H - 2 potions of invisibility
 P - 3 potions of cancellation


   Skills:
 * Level 10.2 Fighting
 - Level 18.0 Axes
 - Level 5.0 Throwing
 + Level 7.7 Armour
 + Level 8.4 Shields
 - Level 5.0 Invocations


You had 11 spell levels left.
You didn't know any spells.
Your spell library contained the following spells:

 Spells                   Type           Power      Damage    Failure   Level
 Slow                     Hex            0%         N/A       100%        1
 Sting                    Tmut/Pois      0%         1d3       100%        1
 Blink                    Tloc           0%         N/A       100%        2
 Poisonous Vapours        Pois/Air       0%         N/A       100%        2
 Confusing Touch          Hex            0%         N/A       100%        3
 Vampiric Draining        Necr           0%         2d6       100%        3
 Leda's Liquefaction      Hex/Erth       0%         N/A       100%        4
 Olgreb's Toxic Radiance  Pois           0%         N/A       100%        4
 Freezing Cloud           Conj/Ice/Air   0%         6-21      100%        5
 Lee's Rapid Deconstruct  Erth           0%         3d5*      100%        5
 Manifold Assault         Tloc           0%         N/A       100%        5
 Statue Form              Tmut/Erth      0%         N/A       100%        6
 Storm Form               Tmut/Air       0%         N/A       100%        7
 Polar Vortex             Ice            0%         N/A       100%        9
 Simulacrum               Ice/Necr       Unusable   N/A       N/A         6

Dungeon Overview and Level Annotations

Branches:
Dungeon (11/15)            Temple (1/1) D:5            Lair (1/5) D:11
    Orc (0/2) D:11          Sewer (visited)         Ossuary (visited)
Gauntlet (1/1)

Altars:
Ashenzari
Cheibriados
Dithmenos
Elyvilon
Fedhas
Gozag
Hepliaklqana
Kikubaaqudgha
Makhleb
Nemelex Xobeh
Okawaru
Qazlal
Ru
Sif Muna
Trog
Uskayaw
Vehumet
Wu Jian
Xom
Yredelemnul
Zin
The Shining One

Shops:
D:5 [   D:6 *

Annotations:
D:10 1 runed translucent door, croobank's ghost, journeyman GnCj Gauntlet 11 transporters, 2 runed translucent doors


Innate Abilities, Weirdness & Mutations

You have a pair of horns on your head.
You reflexively headbutt those who attack you in melee.


Message History

The foul vapour misses you.
The centaur warrior zombie hits you but does no damage.
You block the centaur warrior zombie's attack.
You slash the death drake! You burn the death drake.
You headbutt the death drake!
The death drake is moderately wounded.
You hit the centaur warrior zombie but do no damage.
You are engulfed in dark miasma.
You are lethally poisoned!
* * * LOW HITPOINT WARNING * * *
You feel extremely sick. The death drake bites you.
* * * LOW HITPOINT WARNING * * *
The centaur warrior zombie closely misses you.
You furiously retaliate!
You headbutt the centaur warrior zombie.
The centaur warrior zombie kicks you but does no damage.
The death drake closely misses you.
You miss the death drake.
The death drake is moderately wounded.
You slash the centaur warrior zombie! You burn the centaur warrior zombie.
You slash the centaur warrior zombie! You burn the centaur warrior zombie.
You are engulfed in dark miasma.
* * * LOW HITPOINT WARNING * * *
x2 You feel extremely sick.
The centaur warrior zombie hits you but does no damage.
The centaur warrior zombie kicks you but does no damage.
You block the centaur warrior zombie's attack.
The centaur warrior zombie kicks you but does no damage.
The death drake barely misses you. You furiously retaliate!
You headbutt the death drake. You barely miss the death drake.
You headbutt the death drake!
The death drake is severely wounded.
You hit the centaur warrior zombie but do no damage.
You slash the centaur warrior zombie! You burn the centaur warrior zombie.
You are engulfed in dark miasma.
* * * LOW HITPOINT WARNING * * *
x2 You feel very sick.
The centaur warrior zombie hits you.
You die...

###...#.©.........©.........©.#.
#≈...#...........©...........#.
###..#########################.
#≈.........#.........#........
###........#.##..k##.#.......§
#≈#≈#≈#..#.#.###.#.#..#≈#≈#§
#######..#.Z##.##..#..######
#≈..#ZZk.©....#..≈#
#######..#.@##.##..#..######
#§#≈#≈#..#.#.###.#k#..#≈#≈#≈
###........#.##...##Z#........
#≈.........#...!©=?..#........
###..#########################.
#≈...#...........©...........#.
###...#.©.........©.........©.#.
#≈..############################
##..#....WWW#.###...###.#.......


You could see a death drake, a spectral centaur warrior and 2 centaur warrior
zombies.

Vanquished Creatures
  Harold (D:10)
  A hydra (D:11)
  A boulder beetle (D:10)
  3 two-headed ogres
  3 soul eaters
  A sixfirhy (D:10)
  A cyclops (D:11)
  Maurice (D:10)
  A rust devil (D:10)
  A gargoyle (D:11)
  A smoke demon (D:10)
  3 komodo dragons
  A rime drake (Lair:1)
  3 trolls
  3 ice devils
  A red devil (D:10)
  2 hornets (D:8)
  Grinder (D:6)
  A wraith (D:11)
  A wyvern (D:10)
  Grum (D:8)
  A basilisk (Lair:1)
  10 yaks
  A steam dragon (D:9)
  Duvessa (D:4)
  4 water moccasins
  A hornet zombie (Ossuary)
  4 orc warriors
  2 ice beasts
  A black bear (D:4)
  An ogre (D:4)
  2 boggarts (D:10)
  6 wolves
  5 centaurs
  2 phantoms
  2 bullfrogs
  5 kobold brigands
  3 scorpions
  2 necrophages
  3 wights (D:6)
  2 wyvern zombies (Ossuary)
  Dowan (D:4)
  6 killer bees (D:10)
  3 electric eels
  4 centaur zombies (Ossuary)
  5 bullfrog zombies (Ossuary)
  4 quasits (D:10)
  4 jellies
  6 orc priests
  7 hounds
  Terence (D:2)
  Jessica (D:2)
  A hell rat (Sewer)
  4 iguanas
  13 orc wizards
  3 killer bee zombies (Ossuary)
  15 mummies (Ossuary)
  Robin (D:4)
  A howler monkey zombie (Ossuary)
  7 adders
  4 shadow imps
  3 ufetubi (D:5)
  4 worms
  A dart slug (D:3)
  33 orcs
  6 bats
  5 endoplasms
  4 giant cockroaches
  6 hobgoblins
  7 jackals
  23 kobolds
  3 quokkas
  11 ball pythons
  5 frilled lizards
  19 goblins
  7 rats
318 creatures vanquished.

Vanquished Creatures (others)
  A boggart (D:10)
  A demonic plant (Gauntlet)
  3 fungi (D:10)
  9 plants
  7 withered plants (Ossuary)
21 creatures vanquished.

Grand Total: 339 creatures vanquished

Notes
Turn   | Place    | Note
-------+----------+-------------------------------------------
     0 | D:1      | bmack86 the Minotaur Fighter began the quest for the Orb.
     0 | D:1      | Reached XP level 1. HP: 19/19 MP: 0/0
   302 | D:1      | Reached XP level 2. HP: 26/26 MP: 1/1
   518 | D:1      | Reached skill level 3 in Axes
   942 | D:2      | Noticed Jessica
   956 | D:2      | Killed Jessica
   957 | D:2      | Reached skill level 5 in Shields
   957 | D:2      | Reached XP level 3. HP: 23/31 MP: 2/2
  1116 | D:2      | Reached skill level 4 in Axes
  1117 | D:2      | Reached XP level 4. HP: 39/39 MP: 3/3
  1362 | D:2      | Noticed Terence
  1369 | D:2      | Killed Terence
  1385 | D:2      | Reached skill level 5 in Axes
  1975 | D:3      | Found a faded altar of an unknown god.
  1995 | D:3      | Found a glowing drain.
  2000 | Sewer    | Entered a sewer
  2063 | Sewer    | Reached XP level 5. HP: 39/45 MP: 4/4
  2308 | D:3      | Reached skill level 6 in Axes
  2572 | D:3      | Found a blossoming altar of Fedhas.
  2827 | D:4      | Noticed Robin
  2849 | D:4      | Killed Robin
  2850 | D:4      | Reached XP level 6. HP: 47/51 MP: 5/5
  2897 | D:4      | Reached skill level 7 in Axes
  2990 | D:4      | Reached skill level 8 in Axes
  3267 | D:4      | Noticed Dowan
  3268 | D:4      | Noticed Duvessa
  3275 | D:4      | Killed Dowan
  3276 | D:4      | Reached XP level 7. HP: 43/57 MP: 6/6
  3284 | D:4      | Killed Duvessa
  3285 | D:4      | Reached skill level 9 in Axes
  3784 | D:4      | Reached skill level 10 in Axes
  4283 | D:5      | Entered Level 5 of the Dungeon
  4316 | D:5      | Found a staircase to the Ecumenical Temple.
  4330 | D:5      | Reached XP level 8. HP: 55/64 MP: 7/7
  4335 | Temple   | Entered the Ecumenical Temple
  4433 | D:5      | Found Waotzeoz's Antique Armour Shoppe.
  4452 | D:5      | Reached skill level 11 in Axes
  4483 | D:5      | Found a sand-covered staircase.
  4487 | Ossuary  | Entered an ossuary
  4646 | Ossuary  | Reached skill level 12 in Axes
  4856 | Ossuary  | Reached skill level 13 in Axes
  5081 | D:5      | Reached XP level 9. HP: 70/70 MP: 8/8
  5271 | D:5      | Reached skill level 14 in Axes
  5350 | D:5      | Found a burning altar of Makhleb.
  6117 | D:6      | Found Deof's Assorted Antiques.
  6127 | D:6      | Bought a scroll labelled OWKIOS KOEZA for 28 gold pieces
  6180 | D:6      | Noticed Grinder
  6191 | D:6      | Killed Grinder
  6333 | D:6      | Reached skill level 15 in Axes
  6564 | D:6      | Found an iron altar of Okawaru.
  6565 | D:6      | Found a glowing golden altar of the Shining One.
  6565 | D:6      | Found a glowing silver altar of Zin.
  6568 | D:6      | Became a worshipper of Warmaster Okawaru
  6570 | D:6      | Found a shimmering altar of Xom.
  6572 | D:6      | Found a basalt altar of Yredelemnul.
  6655 | D:7      | Found a sacrificial altar of Ru.
  6675 | D:6      | Reached skill level 1 in Invocations
  7226 | D:7      | Reached * piety under Okawaru
  7631 | D:8      | Reached skill level 16 in Axes
  7908 | D:8      | Noticed a two-headed ogre
  7914 | D:8      | Killed a two-headed ogre
  7914 | D:8      | Reached ** piety under Okawaru
  7915 | D:8      | Reached XP level 10. HP: 74/77 MP: 11/11
  8604 | D:8      | Noticed Grum
  8621 | D:8      | Killed Grum
  9040 | D:8      | Reached skill level 17 in Axes
  9103 | D:8      | Reached *** piety under Okawaru
  9106 | D:8      | Reached skill level 5 in Invocations
  9226 | D:9      | Found a broken altar of Ashenzari.
  9243 | D:9      | Noticed a two-headed ogre
  9250 | D:9      | Killed a two-headed ogre
  9396 | D:9      | Found a hazy altar of Hepliaklqana.
  9397 | D:9      | Found a shadowy altar of Dithmenos.
  9404 | D:9      | Reached skill level 18 in Axes
  9406 | D:9      | Reached **** piety under Okawaru
  9412 | D:9      | Reached skill level 1 in Throwing
  9546 | D:9      | Noticed a two-headed ogre
  9556 | D:9      | Killed a two-headed ogre
  9557 | D:9      | Reached XP level 11. HP: 74/85 MP: 11/13
  9691 | D:9      | Reached skill level 5 in Fighting
  9837 | D:9      | Found a white marble altar of Elyvilon.
  9961 | D:10     | Entered Level 10 of the Dungeon
  9961 | D:10     | Noticed croobank's ghost (journeyman GnCj)
  9961 | D:10     | Found a runed translucent door.
 10083 | D:10     | Identified the +10 spear of the Living Dead {antimagic,
                  | rC+}
 10226 | D:10     | Reached ***** piety under Okawaru
 10321 | D:10     | Noticed a soul eater
 10337 | D:10     | Killed a soul eater
 10338 | D:10     | Reached skill level 5 in Armour
 10679 | D:10     | Noticed a sixfirhy
 10684 | D:10     | Killed a sixfirhy
 11010 | D:10     | Noticed a boulder beetle
 11024 | D:10     | Killed a boulder beetle
 11024 | D:10     | Received a gift from Okawaru
 11025 | D:10     | Noticed a soul eater
 11044 | D:10     | Killed a soul eater
 11044 | D:10     | Identified the +1 hat of Amelioration {rPois} (Okawaru
                  | gifted it to you on level 10 of the Dungeon)
 11044 | D:10     | Received a gift from Okawaru
 11056 | D:10     | Noticed Maurice
 11114 | D:10     | Killed Maurice
 11610 | D:10     | Noticed Harold
 11624 | D:10     | Killed Harold
 11910 | D:11     | Found a staircase to the Orcish Mines.
 12246 | D:11     | Reached XP level 12. HP: 87/104 MP: 14/14
 12346 | D:11     | Noticed an eight-headed hydra
 12354 | D:11     | Killed a five-headed hydra
 12968 | D:11     | Found a staircase to the Lair.
 13235 | Lair:1   | Entered Level 1 of the Lair of Beasts
 13252 | Lair:1   | Reached skill level 5 in Throwing
 13445 | Lair:1   | Found a gate leading to a gauntlet.
 13458 | Lair:1   | Reached skill level 10 in Fighting
 13489 | Gauntlet | Entered a Gauntlet
 13489 | Gauntlet | Found a transporter.
 13489 | Gauntlet | Found a transporter.
 13503 | Gauntlet | Found a transporter.
 13523 | Gauntlet | Found a transporter.
 13523 | Gauntlet | Found a transporter.
 13525 | Gauntlet | Found a transporter.
 13528 | Gauntlet | Found a transporter.
 13528 | Gauntlet | Found a transporter.
 13545 | Gauntlet | Found a transporter.
 13561 | Gauntlet | Found a runed translucent door.
 13562 | Gauntlet | Found a transporter.
 13563 | Gauntlet | Found a runed translucent door.
 13572 | Gauntlet | Found a transporter.
 13587 | Gauntlet | Found a transporter.
 13612 | Gauntlet | Found a transporter.
 13635 | Gauntlet | Found a transporter.
 13781 | Gauntlet | HP: 1/106 [poisoned by a death drake (dark miasma)]
 13781 | Gauntlet | Slain by a centaur warrior zombie

Illustrated notes

Levels and vault maps discovered:
D:1:      dpeg_arrival_arbitrary_a, layout_loops_ring
D:2:      layout_basic, minmay_tetromino_l2, uniq_jessica, uniq_terence
D:3:      layout_loops_ring, mainiacjoe_overflow_tiny_flanked,
          hellmonk_ecumenical_altar_lost_god, gup_sewer_entry_bowl
D:4:      minmay_evil_eye, layout_loops_corners, uniq_robin, uniq_duvessa
D:5:      layout_layer_cave, lightli_temple_of_fire,
          minmay_temple_entry_proselytizer, serial_shops, nicolae_diamond_shop,
          enter_ossuary_5
D:6:      layout_rooms, minitemple, serial_shops, shop,
          small_statue_intersection, uniq_grinder
D:7:      layout_loops_ring, mainiacjoe_overflow_small_starburst
D:8:      layout_loops_cross, uniq_grum
D:9:      layout_small_grid, riverfiend_overflow_shadow_ancestor,
          nicolae_ashenzari_panopticon, mainiacjoe_overflow_surrounded_room
D:10:     layout_long_grid, serial_demonic, serial_demonic_d, serial_demonic_a,
          serial_demonic_a, serial_demonic_a, serial_demonic_f,
          serial_demonic_a, ebering_ghost_funeral_grove, uniq_harold,
          uniq_maurice
D:11:     layout_small_grid, erik_lair_island, mrwooster_statue_mirror
Temple:   eino_wide_crystal_templ
Lair:1:   layout_roguey, gauntlet_entry_generic, gammafunk_ghost_split,
          grunt_megastairs_2, infiniplex_staircase_pool, serial_bayou_shore_b,
          serial_bayou_shore_a, serial_bayou_shore_b, uniq_amaemon, uniq_joseph,
          uniq_gastronok, uniq_nergalle
Gauntlet: gammafunk_gauntlet_mixed_choke_point
          [minmay_gauntlet_arena_77_two_lines,
          minmay_gauntlet_arena_77_p_blocks,
          minmay_gauntlet_arena_77_terracotta_army,
          gammafunk_gauntlet_arena_corners, minmay_gauntlet_arena_77_two_paths,
          minmay_gauntlet_arena_77_cramped,
          minmay_gauntlet_arena_77_block_sizes,
          dreamdust_gauntlet_exit_labyrinth]

Skill      XL: |  1  2  3  4  5  6  7  8  9 10 11 12 |
---------------+-------------------------------------+-----
Shields        | 4 5 7 8 |  8.4
Axes           | 3 4 5 6 8 10 13 16 18 | 18.0
Invocations    | 3 5 |  5.0
Fighting       | 4 9 10 | 10.2
Throwing       | 1 4 5 |  5.0
Armour         | 4 6 7 |  7.7

Action                   |  1- 3 |  4- 6 |  7- 9 | 10-12 || total
-------------------------+-------+-------+-------+-------++-------
Melee: War axe           |    67 |   114 |   307 |   347 ||   835
       Headbutt          |     9 |    18 |    57 |    81 ||   165
Throw: Boomerang         |       |     4 |     8 |     8 ||    20
Invok: Heroism           |       |       |       |     7 ||     7
       Finesse           |       |       |       |     1 ||     1
  Use: Scroll            |       |     9 |    20 |     6 ||    35
       Potion            |       |     1 |     1 |     2 ||     4
Armor: Scale mail        |    35 |    47 |     2 |       ||    84
       Chain mail        |       |       |   110 |       ||   110
       Plate armour      |       |       |     8 |   164 ||   172
Dodge: Dodged            |    19 |   106 |   176 |   206 ||   507
Block: Buckler           |    14 |    38 |    62 |    99 ||   213
